AoeStats
← demballs

Socotra

505978469Analyzed
3v3 RM · 20d ago on Sep 11, 2026· 52m 50s· 6 players
Game mode
Random Map
Map size
128×128
Population
200
Speed
Normal
Resources
Standard
Victory
Conquest
Starting age
Dark Age
Ending age
Imperial Age
RankedLock teamsTeams togetherTeam positionsShared explorationLock speedFull tech treeHidden civsTurbo modeCheats
Victory
Defeat
🇫🇮 Teutons · Finland
999
+12
🇫🇮 Persians · Finland
985
+12
🇫🇮 Franks · Finland
959
+13
🇨🇴 Mapuche · Colombia
928
-12
🇺🇸 Mongols · United States
906
-14
🇩🇪 Britons · Germany
879
-12
DE 2xN IS
10:50 Feudal Age
14:31 Loom
23:15 Castle Age
21:59 Padded Archer Armor
21:49 Fletching
23:27 Crossbowman
24:30 Leather Archer Armor
25:13 Bodkin Arrow
Rivera Col
10:36 Loom
12:22 Feudal Age
16:00 Double-Bit Axe
19:33 Horse Collar
22:05 Castle Age
21:30 Champi Runner
25:44 Bow Saw
29:09 Champi Warrior
32:22 Wheelbarrow
32:28 Fletching
32:39 Padded Archer Armor
37:40 Hand Cart
37:41 Bodkin Arrow
38:02 Leather Archer Armor
42:46 Imperial Age
43:31 Leather Archer Armor
45:42 Pikeman
48:13 Scale Mail Armor
48:23 Forging
48:54 Heavy Plow
48:46 Elite Champi Warrior
51:00 Gold Mining
VIT | Liereyy
6:01 Loom
9:59 Feudal Age
12:58 Double-Bit Axe
22:30 Castle Age
22:53 Scale Barding Armor
24:13 Bloodlines
24:25 Chain Barding Armor
24:15 Forging
31:33 Fletching
34:42 Forging
40:43 Imperial Age
42:45 Pikeman
45:53 Scale Mail Armor
demballs
9:54 Feudal Age
8:16 Loom
10:01 Feudal Age
14:27 Horse Collar
14:36 Double-Bit Axe
23:17 Castle Age
21:44 Fletching
24:25 Wheelbarrow
24:08 Bodkin Arrow
24:06 Crossbowman
26:44 Horse Collar
28:24 Bow Saw
28:29 Gold Mining
30:20 Padded Archer Armor
31:13 Ballistics
32:07 Hand Cart
32:01 Town Watch
34:55 Bloodlines
34:46 Husbandry
34:52 Scale Barding Armor
39:59 Imperial Age
37:41 Heavy Plow
39:18 Chain Barding Armor
39:08 Stone Mining
39:45 Masonry
40:04 Heavy Camel Rider
41:20 Plate Barding Armor
42:43 Forging
45:20 Crop Rotation
45:26 Gold Shaft Mining
45:52 Two-Man Saw
45:49 Iron Casting
47:35 Conscription
46:45 Light Cavalry
48:43 Chemistry
48:01 Leather Archer Armor
48:48 Blast Furnace
48:10 Hussar
51:09 Murder Holes
Sermero
13:57 Feudal Age
15:17 Wheelbarrow
15:56 Double-Bit Axe
32:43 Castle Age
34:00 Bow Saw
Onkivalammas
11:42 Feudal Age
11:14 Loom
12:37 Double-Bit Axe
16:50 Wheelbarrow
16:02 Horse Collar
17:04 Man-at-Arms
21:22 Scale Barding Armor
21:18 Scale Mail Armor
21:28 Forging
25:59 Castle Age
25:22 Gold Mining
25:25 Stone Mining
27:03 Bloodlines
28:14 Squires
27:35 Pikeman
28:58 Chain Barding Armor
28:54 Chain Mail Armor
31:06 Hand Cart
33:10 Heavy Plow
35:35 Iron Casting
34:52 Long Swordsman
36:51 Bow Saw
40:05 Caravan
44:51 Imperial Age
42:16 Guard Tower
43:34 Coinage
45:55 Stone Shaft Mining
44:58 Cavalier
45:00 Halberdier
45:55 Town Watch
47:16 Two-Man Saw
46:48 Crop Rotation
46:31 Capped Ram
47:57 Banking
47:38 Guilds
47:21 Two-Handed Swordsman
51:57 Plate Barding Armor
Connection lost

Rejoining the realm…

Still unreachable

The connection could not be restored.

Session expired

The server has moved on; the page needs a fresh start.